 Dungeon Crawl Stone Soup version 0.29.1-14-g9c671dbff4 (webtiles) character file.

Game seed: 6361461455527819856

88574 Gabide the Brawler (level 15, -1/118 (126) HPs)
             Began as a White Draconian Transmuter on Feb 12, 2023.
             Was an Elder of Wu Jian.
             Slain by a red devil
             ... wielding a +2 demon trident of venom
             ... summoned by an orc sorcerer
             ... led by an orc warlord
              (16 damage)
             ... on level 2 of the Orcish Mines.
             The game lasted 01:43:12 (27532 turns).

Gabide the Brawler (White Draconian Transmuter)    Turns: 27532, Time: 01:43:13

HP:   -1/118 (126)  AC: 22    Str: 18    XL:     15   Next: 46%
MP:   29/29         EV: 23    Int: 18    God:    Wu Jian [****..]
Gold: 2513          SH:  0    Dex: 17    Spells: 21/34 levels left

rFire   + + .      SeeInvis +     - Unarmed
rCold   + . .      Faith    .   (no shield)
rNeg    . . .      Spirit   .   (body armour unavailable)
rPois   .          Reflect  .   (helmet restricted)
rElec   +          Harm     .   r - +2 cloak
rCorr   .          Rampage  .   p - +2 pair of gloves
Will    ++...                   R - +2 pair of boots of Supple Strength {rElec Int+4 SInv}
Stlth   +.........              J - amulet of regeneration
HPRegen 1.09/turn               u - ring "Ficunuol" {*Slow rF++ Will+ AC+4 Dex+4}
MPRegen 0.21/turn               U - +4 ring of slaying

@: lethally poisoned (-1 -> -17), about to teleport, wereblooded, spiked, in a
heavenly storm, glowing, drained
A: breathe frost, AC +9, unfitting armour, cold resistance 1, cold-blooded
a: Breathe Frost, Renounce Religion, Wall Jump, Serpent's Lash


You were on level 2 of the Orcish Mines.
You worshipped Wu Jian.
Wu Jian was greatly pleased with you.
You visited 4 branches of the dungeon, and saw 22 of its levels.
You also visited: Sewer and Ossuary.

You collected 3429 gold pieces.
You spent 916 gold pieces at shops.

Inventory:

Missiles
 j - 35 boomerangs
 o - 12 javelins
 K - 2 curare-tipped darts
Armour
 p - a +2 pair of gloves (worn)
 r - a +2 cloak (worn)
 R - the +2 pair of boots of Supple Strength (worn) {rElec Int+4 SInv}
   (You acquired it on level 4 of the Lair of Beasts)

   Int:       It affects your intelligence (+4).
   rElec:     It insulates you from electricity.
   SInv:      It lets you see invisible.
 Z - a scarf of invisibility
Jewellery
 u - the ring "Ficunuol" (left hand) {*Slow rF++ Will+ AC+4 Dex+4}
   (You acquired it on level 4 of the Lair of Beasts)

   [ring of protection]

   AC:        It affects your AC (+4).
   Dex:       It affects your dexterity (+4).
   rF:        It greatly protects you from fire.
   *Slow:     It may slow you when you take damage.
   Will:      It increases your willpower.
 A - an amulet of guardian spirit
 E - a ring of ice
 F - a +6 ring of strength
 J - an amulet of regeneration (around neck)
 M - a ring of resist corrosion
 U - a +4 ring of slaying (right hand)
 V - a +6 ring of strength
Wands
 l - a wand of acid (34)
 s - a wand of flame (49)
 t - a wand of polymorph (13)
 x - a wand of mindburst (3)
 y - a wand of roots (8)
 H - a wand of digging (10)
 N - a wand of paralysis (14)
Scrolls
 b - 13 scrolls of teleportation
 e - 2 scrolls of immolation
 f - 8 scrolls of identify
 h - 3 scrolls of enchant weapon
 i - 2 scrolls of enchant armour
 q - 6 scrolls of vulnerability
 G - 2 scrolls of amnesia
 O - 2 scrolls of brand weapon
 S - 2 scrolls of blinking
 T - a scroll of magic mapping
 W - a scroll of butterflies
 X - a scroll of poison
Potions
 a - 6 potions of lignification
 c - a potion of resistance
 d - 3 potions of flight
 k - 4 potions of might
 m - 5 potions of haste
 n - 6 potions of ambrosia
 w - 6 potions of mutation
 z - a potion of brilliance
 B - 5 potions of attraction
 C - 2 potions of magic
 D - 3 potions of berserk rage
 L - 3 potions of invisibility
 P - 10 potions of curing
Miscellaneous
 g - a lightning rod (4/4)
 I - a box of beasts
 Q - a phantom mirror (inert)
 Y - a tin of tremorstones (2/2)


   Skills:
 - Level 10.0 Fighting
 - Level 10.0 Dodging
 + Level 18.0 Unarmed Combat
 - Level 10.0 Spellcasting
 - Level 12.0 Transmutations
 - Level 8.0 Ice Magic


You had 21 spell levels left.
You knew the following spells:

 Your Spells              Type           Power      Damage    Failure   Level
a - Beastly Appendage     Tmut           100%       N/A       1%          1
b - Wereblood             Tmut           51%        N/A       1%          2
c - Ice Form              Ice/Tmut       45%        N/A       1%          4
d - Ensorcelled Hibernat  Hex/Ice        46%        N/A       2%          2
e - Petrify               Tmut/Erth      30%        N/A       7%          4

Your spell library contained the following spells:

 Spells                   Type           Power      Damage    Failure   Level
 Sting                    Tmut/Pois      100%       1d8       1%          1
 Spider Form              Tmut/Pois      30%        N/A       1%          3
 Necrotise                Necr           36%        1d5       8%          1
 Summon Small Mammal      Summ           36%        N/A       8%          1
 Poisonous Vapours        Pois/Air       18%        N/A       12%         2
 Alistair's Intoxication  Tmut/Pois      20%        N/A       19%         5
 Yara's Violent Unravell  Hex/Tmut       15%        3d8       19%         5
 Call Canine Familiar     Summ           9%         N/A       24%         3
 Confusing Touch          Hex            9%         N/A       24%         3
 Gell's Gravitas          Tloc           9%         N/A       24%         3
 Portal Projectile        Hex/Tloc       18%        N/A       24%         3
 Summon Guardian Golem    Hex/Summ       9%         N/A       24%         3
 Teleport Other           Tloc           9%         N/A       24%         3
 Tukima's Dance           Hex            9%         N/A       24%         3
 Vampiric Draining        Necr           9%         2d6       24%         3
 Metabolic Englaciation   Hex/Ice        11%        N/A       38%         5
 Anguish                  Hex/Necr       4%         N/A       61%         4
 Corpse Rot               Necr/Pois/Air  9%         N/A       61%         4
 Leda's Liquefaction      Hex/Erth       4%         N/A       61%         4
 Olgreb's Toxic Radiance  Pois           9%         N/A       61%         4
 Passage of Golubria      Tloc           9%         N/A       61%         4
 Eringya's Noxious Bog    Tmut/Pois      15%        N/A       71%         6
 Statue Form              Tmut/Erth      20%        N/A       71%         6
 Agony                    Necr           9%         N/A       91%         5
 Borgnjor's Vile Clutch   Necr/Erth      4%         N/A       91%         5
 Dispersal                Tloc           4%         N/A       100%        6
 Enfeeble                 Hex            4%         N/A       100%        7


Dungeon Overview and Level Annotations

Branches:
Dungeon (14/15)            Temple (1/1) D:4            Lair (5/5) D:8
  Swamp (0/4) Lair:2        Snake (0/4) Lair:2        Slime (0/5) Lair:5
    Orc (2/2) D:11            Elf (0/3) Orc:2        Vaults (0/5) D:13
  Sewer (visited)         Ossuary (visited)

Altars:
Ashenzari
Cheibriados
Dithmenos
Elyvilon
Fedhas
Gozag
Hepliaklqana
Kikubaaqudgha
Makhleb
Nemelex Xobeh
Okawaru
Qazlal
Ru
Sif Muna
Trog
Uskayaw
Vehumet
Wu Jian
Xom
Yredelemnul
Zin
The Shining One
Jiyva

Shops:
D:2 *   D:7 *   D:11 ([   Orc:2 ?[[

Portals:
Trove: D:10 (show slimy rune of Zot)

Annotations:
D:14 1 runed translucent door, Muadum's ghost, adept GrEE


Innate Abilities, Weirdness & Mutations

You can breathe waves of freezing cold which knock back foes.
Your icy white scales are hard. (AC +9)
You cannot fit into any form of body armour.
Your flesh is cold resistant. (rC+)
You are cold-blooded and may be slowed by cold attacks.


Message History

The orc warlord no longer looks unusually strong.
The orc warrior no longer looks unusually strong.
The orc priest no longer looks unusually strong.
An orc priest comes into view. It is wielding a +0 hand axe.
The orc misses you.
The orc priest calls down the wrath of Beogh upon you.
Beogh smites you!
* * * LOW HITPOINT WARNING * * *
The orc warrior hits you but does no damage.
The orc warlord roars a battlecry!
The orcs go into a battle-frenzy!
The red devil misses you.
The soul eater hits you but does no damage.
You feel much better.
You feel extremely sick.
The orc no longer looks unusually strong.
The orc wizard no longer looks unusually strong.
The orc priest no longer looks unusually strong.
The orc sorcerer hits you but does no damage.
The orc hits you but does no damage.
The orc priest hits you but does no damage.
The orc warrior barely misses you.
The red devil hits you but does no damage.
You are more poisoned.
The soul eater closely misses you.
There is nothing to wall jump against here.
Unknown command.
The air is filled with shimmering golden clouds!
Sifu Yunchang says: The storm will not cease as long as you keep fighting, disciple!
You can no longer summon a storm of heavenly clouds.
You howl as the wereblood boils in your veins!
* * * LOW HITPOINT WARNING * * *
You feel extremely sick.
The orc sorcerer no longer looks unusually strong.
The orc sorcerer closely misses you. The orc completely misses you.
The orc priest hits you but does no damage.
The orc warrior hits you with a +0 flail!
* * * LOW HITPOINT WARNING * * *
The red devil hits you with a +2 demon trident of venom!
You die...

### ########..........#....)..
..# ###................#....#...
..####...##########..............
...##..### #.. ##...........#.
..##..## #.. #........#.###
..##..# .o ####..........##
####.## ##'###o##8)#..#.........
# #.# ..oooo4o§§)'.8.....##### #
#.# ..oo8oo@3☼)'.......# # #.#
..oo3Ooo§§.'.8.....# + #.##
##o###o##8.#.......# # #..# #. oo
####.......##### #..## # #..
#..#.......... # ##..### #..
##.##.......### #
##...##########..#.....###.## ###
###............##......#...# ..#
###############..........#


You could see a soul eater (summoned), 2 orc sorcerers, a red devil (summoned),
an orc warrior (strong), an ogre, 3 orc priests and 2 orcs.

Vanquished Creatures
  Rupert (Lair:4)
  A fire giant (D:11)
  A stone giant (D:14)
  A deep elf high priest (D:11)
  Josephine (D:14)
  A vault guard (D:10)
  5 boulder beetles
  Fannar (Lair:2)
  3 hydras
  3 centaur warriors
  2 ogre magi
  7 two-headed ogres
  A tengu warrior (D:14)
  2 deep troll earth magi (D:14)
  A death yak (Lair:1)
  Amaemon (Lair:3)
  2 goliath frogs (Lair:5)
  A skeletal warrior (D:13)
  A flayed ghost (D:14)
  4 orc knights
  3 manticores
  A faun (Lair:3)
  3 orc sorcerers (Orc:2)
  14 ugly things
  2 deep elf pyromancers
  2 lindwurms (Lair:4)
  A wolf spider (D:11)
  7 cyclopes
  3 elephants
  3 black mambas
  2 gargoyles
  An orange demon (Lair:3)
  17 cane toads
  3 torpor snails
  4 centaur skeletons (D:13)
  2 kobold demonologists
  An efreet (D:11)
  4 unseen horrors
  3 komodo dragons
  A yaktaur (D:11)
  2 freezing wraiths
  9 trolls
  A meliai (shapeshifter) (D:14)
  2 polar bears
  3 tyrant leeches (Lair:5)
  3 meliai (D:13)
  33 blink frogs
  13 slime creatures
  Sigmund (D:2)
  2 centaur simulacra (D:14)
  A spriggan (Lair:5)
  2 shadows
  3 steam dragons
  59 yaks
  A golden eye (shapeshifter) (D:11)
  Grum (D:8)
  4 basilisks
  5 wyverns
  8 wraiths
  A redback (D:14)
  7 vampire mosquitoes
  4 nagas (Lair:2)
  2 acid dragons
  15 water moccasins
  7 black bears
  30 orc warriors
  A sky beast (D:8)
  An ice beast (D:8)
  39 wolves
  5 centaurs
  6 ogres
  2 phantoms (D:5)
  2 kobold brigands
  12 bullfrogs
  A gnoll sergeant (D:6)
  A scorpion (D:3)
  3 necrophages
  9 wights
  A hornet simulacrum (D:14)
  2 vampire bats (D:12)
  An electric eel (Lair:1)
  5 howler monkeys
  4 centaur zombies (Ossuary)
  4 jellies
  A hound (D:6)
  10 orc priests
  3 iguanas
  Ijyb (D:3)
  23 orc wizards
  5 mummies (Ossuary)
  9 gnolls
  4 adders
  2 river rats (D:5)
  A shadow imp (D:8)
  A white imp (D:6)
  6 worms
  A dart slug (D:2)
  91 orcs
  12 ball pythons
  3 endoplasms
  3 giant cockroaches
  13 goblins
  7 hobgoblins
  3 jackals (D:2)
  15 kobolds
  6 quokkas
  21 bats
  3 frilled lizards
  2 hobgoblin zombies (Ossuary)
  8 rats
689 creatures vanquished.

Vanquished Creatures (others)
  An orc (Orc:2)
  65 fungi
  105 plants
171 creatures vanquished.

Grand Total: 860 creatures vanquished

Notes
Turn   | Place    | Note
-------+----------+-------------------------------------------
     0 | D:1      | Gabide the Draconian Transmuter began the quest for the
                  | Orb.
     0 | D:1      | Reached XP level 1. HP: 16/16 MP: 3/3
   139 | D:1      | Reached XP level 2. HP: 22/23 MP: 1/5
   334 | D:1      | Found a faded altar of an unknown god.
   586 | D:1      | Reached XP level 3. HP: 29/29 MP: 4/6
   862 | D:2      | Learned a level 2 spell: Wereblood
   956 | D:2      | Reached skill level 4 in Unarmed Combat
  1523 | D:2      | Reached XP level 4. HP: 36/36 MP: 5/7
  1582 | D:2      | Found Ylaluena's Assorted Antiques.
  1591 | D:2      | Bought a scroll labelled XAQUFODENI for 28 gold pieces
  1591 | D:2      | Bought a metallic red potion for 25 gold pieces
  1591 | D:2      | Bought a scroll labelled FESEIJE OMOM for 28 gold pieces
  1591 | D:2      | Bought a scroll labelled UNTOGYV EFUSO for 28 gold pieces
  1769 | D:2      | Noticed Sigmund
  1774 | D:2      | Killed Sigmund
  1775 | D:2      | Reached XP level 5. HP: 42/44 MP: 8/8
  1826 | D:2      | Reached XP level 6. HP: 34/51 MP: 8/10
  2453 | D:3      | Noticed Ijyb
  2468 | D:3      | Killed Ijyb
  3401 | D:4      | Noticed a water moccasin
  3405 | D:4      | Reached skill level 5 in Unarmed Combat
  3408 | D:4      | Killed a water moccasin
  3409 | D:4      | Your scales start taking on an icy white colour.
  3409 | D:4      | Reached XP level 7. HP: 44/57 MP: 7/11
  3409 | D:4      | Gained mutation: Your flesh is cold resistant. (rC+) [White
                  | Draconian growth]
  3468 | D:4      | Reached skill level 6 in Unarmed Combat
  3745 | D:4      | Found a hazy altar of Hepliaklqana.
  3745 | D:4      | Found a bloodstained altar of Trog.
  3746 | D:4      | Found a sacrificial altar of Ru.
  3783 | D:4      | Found a snail-covered altar of Cheibriados.
  3827 | D:4      | Found a staircase to the Ecumenical Temple.
  3910 | D:4      | Reached skill level 5 in Transmutations
  3957 | Temple   | Entered the Ecumenical Temple
  4496 | D:5      | Entered Level 5 of the Dungeon
  4519 | D:5      | Reached XP level 8. HP: 53/63 MP: 10/12
  4680 | D:5      | Reached skill level 5 in Ice Magic
  4848 | D:5      | Found a glowing drain.
  4852 | Sewer    | Entered a sewer
  5605 | D:5      | Found a broken altar of Ashenzari.
  5609 | D:5      | Saw a vision of the Swamp and the Snake Pit.
  5609 | D:5      | Noticed a spriggan druid
  5609 | D:5      | Noticed a spriggan rider
  5609 | D:5      | Noticed a naga mage
  5609 | D:5      | Noticed a tyrant leech
  5610 | D:5      | Noticed an alligator
  5611 | D:5      | Noticed a naga mage
  5809 | D:6      | Found an opulent altar of Gozag.
  5825 | D:6      | Learned a level 4 spell: Ice Form
  5828 | D:6      | Learned a level 2 spell: Ensorcelled Hibernation
  5998 | D:6      | Reached XP level 9. HP: 52/71 MP: 5/15
  6163 | D:6      | Found a stormy altar of Qazlal.
  6557 | D:6      | Reached skill level 7 in Unarmed Combat
  6842 | D:6      | You fall into a shaft and drop 2 floors!
  6872 | D:8      | Reached skill level 8 in Unarmed Combat
  7401 | D:8      | Reached XP level 10. HP: 52/79 MP: 9/16
  7695 | D:8      | Noticed Grum
  7711 | D:8      | Killed Grum
  8005 | D:8      | Reached skill level 5 in Fighting
  8083 | D:8      | Found a staircase to the Lair.
  8472 | D:8      | Reached skill level 5 in Dodging
  8540 | D:8      | Reached skill level 5 in Spellcasting
  8725 | D:8      | Found a glowing silver altar of Zin.
  9151 | Lair:1   | Entered Level 1 of the Lair of Beasts
  9174 | Lair:1   | Noticed a cane toad
  9196 | D:8      | Killed a cane toad
  9759 | Lair:1   | Reached skill level 9 in Unarmed Combat
  9763 | Lair:1   | Noticed a cane toad
  9772 | Lair:1   | Killed a cane toad
  9773 | Lair:1   | Reached XP level 11. HP: 39/89 MP: 17/20
  9789 | Lair:1   | HP: 5/106 [blink frog (13)]
 10097 | Lair:1   | Reached skill level 10 in Unarmed Combat
 10762 | D:8      | Reached skill level 11 in Unarmed Combat
 11110 | Lair:1   | Reached skill level 12 in Unarmed Combat
 11544 | Lair:1   | Noticed a death yak
 11559 | Lair:1   | Killed a death yak
 12338 | Lair:2   | Noticed Fannar
 12380 | Lair:2   | Killed Fannar
 12469 | Lair:2   | Found a staircase to the Swamp.
 12542 | Lair:2   | Reached skill level 10 in Transmutations
 12550 | Lair:2   | HP: 5/106 [naga/+0 halberd (6)]
 12720 | Lair:2   | Found a staircase to the Snake Pit.
 13243 | Lair:2   | Identified the +5 ring mail of the Charmed God {Rampage
                  | MP-9 Slay+2 Stlth+}
 13354 | Lair:3   | Reached XP level 12. HP: 96/96 MP: 15/21
 13645 | Lair:3   | Noticed a boulder beetle
 13659 | Lair:3   | Killed a boulder beetle
 14304 | Lair:3   | Noticed Amaemon
 14428 | Lair:3   | Killed Amaemon
 14902 | Lair:4   | Noticed Rupert
 14917 | Lair:4   | Killed Rupert
 14925 | Lair:4   | Reached XP level 13. HP: 72/107 MP: 15/24
 15119 | Lair:4   | Identified 2 scrolls of acquirement
 15119 | Lair:4   | Acquired the +2 pair of boots of Supple Strength {rElec
                  | Int+4 SInv}
 15143 | Lair:4   | Acquired the ring "Ficunuol" {*Slow rF++ Will+ AC+4 Dex+4}
 15235 | D:7      | Found the +4 robe of Augmentation {Str+4 Int+4 Dex+4}
 15331 | D:7      | Found a sand-covered staircase.
 15335 | Ossuary  | Entered an ossuary
 15601 | D:7      | Found Hifoity's Assorted Antiques.
 15612 | D:7      | Bought a scroll of identify for 52 gold pieces
 15612 | D:7      | Bought a scroll of identify for 52 gold pieces
 15612 | D:7      | Bought a scroll of teleportation for 78 gold pieces
 15612 | D:7      | Bought a potion of lignification for 78 gold pieces
 16341 | Temple   | Became a worshipper of the Wu Jian Council
 16370 | D:5      | Learned a level 4 spell: Petrify
 17142 | Lair:5   | Entered Level 5 of the Lair of Beasts
 17230 | Lair:5   | HP: 5/128 [acid (7)]
 18242 | Lair:5   | Reached * piety under Wu Jian
 18634 | Lair:5   | Found a staircase to the Slime Pits.
 18654 | Lair:5   | Found a viscous altar of Jiyva.
 18855 | Lair:5   | Identified the +1 chain mail "Niliblue" {Stlth+}
 19297 | D:9      | Found a white marble altar of Elyvilon.
 19391 | D:9      | Reached ** piety under Wu Jian
 19401 | D:9      | Reached skill level 10 in Fighting
 19534 | D:9      | Found a shadowy altar of Dithmenos.
 19907 | D:10     | Entered Level 10 of the Dungeon
 20055 | D:10     | Found an ancient bone altar of Kikubaaqudgha.
 20269 | D:10     | Found a shimmering blue altar of Sif Muna.
 20540 | D:10     | Found a portal to a secret trove of treasure.
 20603 | D:10     | Reached skill level 10 in Dodging
 20669 | D:10     | Reached skill level 10 in Spellcasting
 20669 | D:10     | Reached XP level 14. HP: 100/121 MP: 26/28
 21372 | D:11     | Identified the +1 chain mail of Jeadez {Rampage rF- rCorr
                  | Dex+7}
 21428 | D:11     | Reached *** piety under Wu Jian
 21433 | D:11     | Reached skill level 13 in Unarmed Combat
 21803 | D:11     | Found Suipp's Weapon Shop.
 21805 | D:11     | Found a staircase to the Orcish Mines.
 21807 | D:11     | Identified the +2 leather armour of Fortitude {*Corrode
                  | rElec Will+ Int+3}
 21821 | D:11     | Found Xest's Armour Shop.
 21966 | D:11     | Found a runed translucent door.
 22045 | D:11     | Noticed a fire giant
 22055 | D:11     | Killed a fire giant
 22453 | D:12     | Acquired 1244 gold pieces
 22462 | D:12     | Reached skill level 14 in Unarmed Combat
 23690 | D:13     | Found a gate to the Vaults.
 23731 | D:13     | Reached skill level 15 in Unarmed Combat
 23839 | D:13     | Identified the +0 pair of gloves "Eryvel" {Fly rPois}
 23992 | D:13     | Reached **** piety under Wu Jian
 24415 | D:14     | Noticed Josephine
 24421 | D:14     | Killed Josephine
 24554 | D:14     | Noticed Muadum's ghost (adept GrEE)
 24559 | D:14     | Found a runed translucent door.
 24865 | D:14     | Reached skill level 16 in Unarmed Combat
 25288 | D:14     | Noticed an angel
 25289 | D:14     | Found a glowing silver altar of Zin.
 25452 | D:14     | Reached XP level 15. HP: 29/126 MP: 29/29
 26037 | D:14     | Reached skill level 17 in Unarmed Combat
 26039 | D:14     | Noticed a shadow dragon
 26039 | D:14     | Found the +13 scythe of Curses {drain, Drain}
 26376 | Orc:1    | Entered Level 1 of the Orcish Mines
 26742 | Orc:2    | Entered Level 2 of the Orcish Mines
 26847 | Orc:2    | Found a staircase to the Elven Halls.
 26867 | Orc:2    | Reached ***** piety under Wu Jian
 26972 | Orc:2    | Found Fihaqufa's Antique Armour Emporium.
 27001 | Orc:2    | Bought a glowing cloak for 187 gold pieces
 27039 | Orc:2    | Found Neack's Antique Armour Emporium.
 27074 | Orc:2    | Bought an embroidered scarf for 240 gold pieces
 27127 | Orc:2    | Found Voosegaf's Magic Scroll Shop.
 27155 | Orc:2    | Bought a scroll of blinking for 120 gold pieces
 27520 | Orc:2    | Noticed an orc warlord
 27522 | Orc:2    | Reached skill level 18 in Unarmed Combat
 27527 | Orc:2    | Paralysed by an orc sorcerer for 2 turns
 27532 | Orc:2    | Slain by a red devil

Illustrated notes

Levels and vault maps discovered:
D:1:      shiori_arrival_maze, layout_rooms,
          ebering_ecumenical_altar_sacrificial
D:2:      cheibrodos_old_hovel, layout_loops_corners, serial_shops,
          nicolae_shop_crystal, grunt_ministairs_7, minmay_hedge_maze,
          uniq_sigmund
D:3:      layout_basic, uniq_ijyb
D:4:      layout_loops_ring, nicolae_overflow_quartered_altars,
          minmay_temple_entry_mini_moons, st_stairs_10
D:5:      layout_rooms, grunt_ashenzari_visionary
          [grunt_ashenzari_visionary_swamp, grunt_ashenzari_visionary_snake],
          gup_sewer_entry_bowl
D:6:      layout_loops_ring, mainiacjoe_overflow_catch_the_wave
D:7:      layout_basic, enter_ossuary_5, serial_shops,
          nicolae_shop_advertising_works [nicolae_subvault_shop_adworks]
D:8:      layout_gridville, mainiacjoe_overflow_cross_hatched,
          minmay_lair_entry_grove, chequers_arboretum, uniq_grum
D:9:      layout_gridville, lemuel_doored_altar, lemuel_round_altar,
          chequers_serial_rivers_large_b, hangedman_abyss_or_decor_clamps
D:10:     layout_stronghold, nicolae_sif_muna_condensation,
          mainiacjoe_overflow_six_doors_small, enter_trove_5
D:11:     minmay_the_grid_triangle_9x9_recursive_2_mashed
          [minmay_the_grid_triangle_9x9_prize_schism,
          minmay_the_grid_triangle_9x9_shrine,
          minmay_the_grid_triangle_9x9_limited_checkers,
          minmay_the_grid_triangle_9x9_flanged_cone], layout_loops_cross,
          orc_david_3, minivault_13
D:12:     layout_irregular_city, roderic_batcave
D:13:     layout_long_grid, hangedman_vaults_entry_quadrant_bands
D:14:     lemuel_traditional_vault, layout_layer_cave,
          hellmonk_ghost_happy_afterlife, zin_angel, uniq_josephine
Temple:   hellmonk_temple_rainy
Lair:1:   layout_chaotic_city, lemuel_fruit_tree, serial_bayou_shore_a,
          grunt_megastairs_4
Lair:2:   layout_cave_pods, swamp_mist_pool,
          minmay_snake_entry_guardpost_medium, uniq_fannar
Lair:3:   layout_cave_pods, gauntlet_entry_generic,
          grunt_forest_large_clearings, uniq_amaemon
Lair:4:   layout_roguey, nicolae_lair_lindhole, uniq_rupert
Lair:5:   minmay_lair_end_frog_pond, layout_long_grid,
          minmay_slime_entry_pillars, grunt_forest_large_clearing_hut
Orc:1:    layout_caves, basic_altar, special_room [special_room_orc],
          serial_shops, shop
Orc:2:    grunt_orc_community_town_hall, layout_diamond_mine,
          grunt_orc_community_big_house_1, grunt_orc_community_big_house_1,
          grunt_orc_community_house_2, grunt_orc_community_house_1,
          grunt_orc_community_house_1, grunt_orc_community_house_1,
          grunt_orc_community_house_2, special_room, serial_shops, shop

Skill      XL: |  1  2  3  4  5  6  7  8  9 10 11 12 13 14 15 |
---------------+----------------------------------------------+-----
Dodging        | 2 3 4 6 7 10 | 10.0
Fighting       | 2 3 4 6 8 10 | 10.0
Unarmed Combat | 4 5 6 8 9 12 16 18 | 18.0
Transmutations | 4 6 8 10 12 | 12.0
Spellcasting   | 3 4 6 7 10 | 10.0
Ice Magic      | 2 6 8 |  8.0

Action                   |  1- 3 |  4- 6 |  7- 9 | 10-12 | 13-15 || total
-------------------------+-------+-------+-------+-------+-------++-------
Melee: Unarmed           |   119 |    87 |   277 |   481 |  1402 ||  2366
       Tailslap          |    14 |     7 |    20 |     3 |   251 ||   295
       Kick              |    19 |    20 |    40 |     1 |    36 ||   116
       Headbutt          |    15 |    12 |    28 |     2 |    23 ||    80
       Punch             |       |     3 |     7 |       |   132 ||   142
Throw: Javelin           |       |     5 |     1 |       |     1 ||     7
       Throwing net      |       |     1 |       |       |       ||     1
       Dart              |       |       |       |     8 |     3 ||    11
 Cast: Beastly Appendage |    31 |    15 |    23 |     1 |     6 ||    76
       Wereblood         |       |     1 |    19 |    29 |    35 ||    84
       Ensorcelled Hiber |       |       |     3 |     5 |     5 ||    13
       Ice Form          |       |       |    10 |    41 |    20 ||    71
       Petrify           |       |       |       |       |    83 ||    83
Invok: Lunge             |       |       |       |       |   109 ||   109
       Whirlwind         |       |       |       |       |   129 ||   129
       Serpent's Lash    |       |       |       |       |    10 ||    10
       Heavenly Storm    |       |       |       |       |     1 ||     1
 Abil: Breathe Frost     |       |       |    20 |    26 |    29 ||    75
       Wall Jump         |       |       |       |       |    21 ||    21
Evoke: Wand              |       |     2 |     2 |    11 |     1 ||    16
       Phantom mirror    |       |       |       |       |     2 ||     2
  Use: Scroll            |       |     7 |     4 |    11 |    23 ||    45
       Potion            |       |       |     5 |     5 |     9 ||    19
 Stab: Sleeping          |       |       |     1 |     1 |     5 ||     7
       Paralysed         |       |       |       |     3 |       ||     3
       Petrified         |       |       |       |       |    98 ||    98
       Petrifying        |       |       |       |       |    19 ||    19
       Fleeing           |       |       |       |       |     2 ||     2
       Distracted        |       |       |       |       |     1 ||     1
Armor: Skin              |    32 |    39 |    94 |   152 |   374 ||   691
Dodge: Dodged            |    73 |    46 |   196 |   324 |   820 ||  1459
